 Dungeon Sprint DCSS version 0.29.0-11-gd7f09526c8 (webtiles) character file.

Game seed: 11433138398162870598

3323 Zeld the Severer (level 9, -11/138 HPs)
             Began as a Minotaur Berserker on Sept 6, 2022.
             Was a High Priest of Trog.
             Mangled by Agnes
             ... wielding a +0 lajatang
              (39 damage)
             ... in the Dungeon (Sprint IV: "Fedhas' Mad Dash").
             The game lasted 00:02:44 (7204 turns).

Zeld the Severer (Minotaur Berserker)               Turns: 7204, Time: 00:02:45

Health: -11/138    AC:  3    Str: 32    XL:     9   Next: 71%
Magic:  6/8        EV: 15    Int:  4    God:    Trog [*****.]
Gold:   204        SH:  0    Dex: 10    Spells: 8/8 levels left

rFire   . . .      SeeInvis .   a - +0 hand axe
rCold   . . .      Faith    .   (no shield)
rNeg    . . .      Spirit   .   b - +0 animal skin
rPois   .          Reflect  .   (helmet restricted)
rElec   .          Harm     .   (no cloak)
rCorr   .          Rampage  .   (no gloves)
Will    .....      NoTele   +   (no boots)
Stlth   ..........              i - amulet of invisibility {+Inv}
HPRegen 0.33/turn               j - +6 ring of strength
MPRegen 0.11/turn               (no ring)

@: berserking, very slightly contaminated, invisible, very quick
A: horns 2, retaliatory headbutt
a: Renounce Religion, Evoke Invisibility, Berserk, Trog's Hand, Brothers in Arms


You were in the Dungeon.
You worshipped Trog.
Trog was extremely pleased with you.
You visited 1 branch You collected 246 gold pieces.
You spent 42 gold pieces at shops.

Inventory:

Hand Weapons
 a - a +0 hand axe (weapon)
Armour
 b - a +0 animal skin (worn)
Jewellery
 i - the amulet of invisibility (around neck) {+Inv}
   (You found it in the Dungeon)

   [amulet of nothing]

   +Inv:      It lets you turn invisible.
 j - a +6 ring of strength (left hand)
Scrolls
 h - a scroll of blinking
Potions
 c - 2 potions of curing
 d - a potion of heal wounds
 e - a potion of haste
 f - 2 potions of magic
 g - a potion of berserk rage


   Skills:
 + Level 12.7 Fighting
 * Level 17.1 Axes
 + Level 12.4 Armour
 + Level 11.4 Dodging


You had 8 spell levels left.
You didn't know any spells.
Your spell library was empty.

Dungeon Overview and Level Annotations

Branches:
Dungeon (1/1)

Altars:
Cheibriados
Dithmenos
Elyvilon
Gozag
Hepliaklqana
Kikubaaqudgha
Makhleb
Nemelex Xobeh
Okawaru
Qazlal
Ru
Sif Muna
Trog
Uskayaw
Vehumet
Wu Jian
Xom
Yredelemnul
Zin
The Shining One
Jiyva
Lugonu

Shops:
D [!((

Annotations:
D exclusion: 2 oklob plants, Agnes


Innate Abilities, Weirdness & Mutations

You have a pair of horns on your head.
You reflexively headbutt those who attack you in melee.


Message History

There is an open door here.
You start waiting.
You start waiting.
Your magical contamination has completely faded away.
You see here a +0 sling.
You open the door.
An oklob plant and an oklob plant summoner come into view.
The oklob plant summoner casts a spell.
Marking area around an oklob plant and an oklob plant summoner as unsafe for travelling.
Found 16 gold pieces and a short sword.
Unknown command.
As you close the door, it creaks loudly!
You start waiting.
You start waiting.
You fail to use your ability.
You fail to use your ability.
You fade into invisibility!
You are very lightly contaminated with residual magic.
You are already invisible!
You open the door.
Agnes the Wanderer comes into view.
She is wielding a +0 lajatang.
Agnes shouts!
There is an open door here.
You barely miss Agnes. Agnes hits you with a +0 lajatang!
You miss Agnes. Agnes hits you with a +0 lajatang!
You barely miss Agnes. Your headbutt misses Agnes.
Agnes hits you with a +0 lajatang!
Unknown command.
You slash Agnes!
Agnes is lightly wounded.
Agnes hits you with a +0 lajatang!!
Unknown command.
You closely miss Agnes. Your headbutt misses Agnes.
Agnes is lightly wounded.
Agnes hits you with a +0 lajatang!!
* * * LOW HITPOINT WARNING * * *
A red film seems to cover your vision as you go berserk!
You feel yourself moving faster!
You feel mighty! Agnes hits you with a +0 lajatang!!!
You die...

#.⌠._._._._.⌠.#.()...#....##∩#
'.._._._._._..'..#...#....'.:#
#..._._._._...#..###'##.[(##∩#
#.._._._._._..#.)##∩∩.'...####
#._._._._._.⌠.#############
###################..Py)
#♣♣♣♣♣..♣|###.'.)+....y$
......♣..♣##:.#..#.P....
♣..♣♣♣.♣).###.##@#


.P.Py .♣♣..♣...♣'...#♣i♣ #### ###############... .♣..♣ .♣.... .. ♣.... ## #####
You could see Agnes.

Vanquished Creatures
  A spriggan druid (D)
  3 oklob plants (D)
  3 burning bushes (D)
  A queen bee (D)
  3 wandering mushrooms (D)
  3 scorpions (D)
  4 killer bees (D)
  5 oklob saplings (D)
  2 spriggans (D)
  A river rat (D)
  A rat (D)
27 creatures vanquished.

Vanquished Creatures (others)
  A ballistomycete spore (D)
  3 fungi (D)
4 creatures vanquished.

Grand Total: 31 creatures vanquished

Notes
Turn   | Place    | Note
-------+----------+-------------------------------------------
     0 | D        | Zeld the Minotaur Berserker began the quest for the Orb.
     0 | D        | Reached XP level 1. HP: 19/19 MP: 0/0
     8 | D        | Reached skill level 4 in Axes
     8 | D        | Reached XP level 2. HP: 27/27 MP: 1/1
   150 | D        | Noticed a scorpion
   151 | D        | Noticed an oklob sapling
   153 | D        | Killed an oklob sapling
   153 | D        | Reached ** piety under Trog
   154 | D        | Reached skill level 6 in Axes
   154 | D        | Reached XP level 3. HP: 24/35 MP: 2/2
   154 | D        | Killed a scorpion
   155 | D        | Reached skill level 5 in Fighting
   155 | D        | Reached skill level 7 in Axes
   155 | D        | Reached skill level 5 in Armour
   155 | D        | Reached XP level 4. HP: 29/44 MP: 3/3
   159 | D        | Found the amulet of invisibility {+Inv}
   791 | D        | Reached skill level 8 in Axes
   791 | D        | Reached skill level 5 in Dodging
   922 | D        | Found an opulent altar of Gozag.
   922 | D        | Found a hazy altar of Hepliaklqana.
   922 | D        | Found a burning altar of Makhleb.
   922 | D        | Found a sparkling altar of Nemelex Xobeh.
   922 | D        | Found a snail-covered altar of Cheibriados.
   922 | D        | Found a sacrificial altar of Ru.
   922 | D        | Found a shimmering blue altar of Sif Muna.
   922 | D        | Found a shimmering altar of Xom.
   922 | D        | Found a basalt altar of Yredelemnul.
   924 | D        | Found a viscous altar of Jiyva.
   924 | D        | Found a bloodstained altar of Trog.
   924 | D        | Found an ornate altar of the Wu Jian Council.
   925 | D        | Found an iron altar of Okawaru.
   925 | D        | Found a shadowy altar of Dithmenos.
   925 | D        | Found a glowing silver altar of Zin.
   926 | D        | Found a hide-covered altar of Uskayaw.
   926 | D        | Found an ancient bone altar of Kikubaaqudgha.
   927 | D        | Found a stormy altar of Qazlal.
   927 | D        | Found a glowing golden altar of the Shining One.
   927 | D        | Found a white marble altar of Elyvilon.
   928 | D        | Found a radiant altar of Vehumet.
   928 | D        | Found a corrupted altar of Lugonu.
   940 | D        | Reached skill level 9 in Axes
   940 | D        | Reached XP level 5. HP: 30/51 MP: 2/4
  1577 | D        | Reached *** piety under Trog
  1889 | D        | Reached skill level 10 in Axes
  1890 | D        | Reached XP level 6. HP: 61/61 MP: 5/5
  2067 | D        | Found Femishro's Distillery.
  2067 | D        | Found Laosh's Antique Armour Emporium.
  2128 | D        | Bought a potion of curing for 42 gold pieces
  2434 | D        | Noticed a burning bush
  2434 | D        | Noticed a wandering mushroom
  2436 | D        | Noticed a wandering mushroom
  2624 | D        | Killed a wandering mushroom
  2625 | D        | Reached skill level 11 in Axes
  3027 | D        | Killed a wandering mushroom
  3027 | D        | Reached **** piety under Trog
  3028 | D        | Reached skill level 12 in Axes
  3028 | D        | Reached XP level 7. HP: 34/70 MP: 6/6
  3028 | D        | Killed a burning bush
  3029 | D        | Reached skill level 13 in Axes
  3246 | D        | Found Libiofei's Weapon Emporium.
  3246 | D        | Found Daoxiuj's Antique Weapon Shoppe.
  3447 | D        | Noticed a queen bee
  3465 | D        | Killed a queen bee
  3465 | D        | Reached ***** piety under Trog
  3466 | D        | Reached skill level 10 in Fighting
  3466 | D        | Reached XP level 8. HP: 74/79 MP: 5/7
  3467 | D        | Reached skill level 10 in Armour
  3925 | D        | Noticed an oklob plant
  3944 | D        | Killed an oklob plant
  3945 | D        | Reached skill level 14 in Axes
  4129 | D        | Noticed a burning bush
  4141 | D        | Killed a burning bush
  4142 | D        | Reached skill level 15 in Axes
  4142 | D        | Reached skill level 10 in Dodging
  4516 | D        | Noticed a burning bush
  4516 | D        | Noticed an oklob plant
  4517 | D        | Noticed a wandering mushroom
  4527 | D        | Killed a burning bush
  4528 | D        | Reached XP level 9. HP: 66/89 MP: 6/8
  4941 | D        | Killed an oklob plant
  4942 | D        | Reached skill level 16 in Axes
  5775 | D        | Noticed a spriggan druid
  5785 | D        | Killed a spriggan druid
  6401 | D        | Noticed an oklob plant conjurer
  6892 | D        | Killed an oklob plant conjurer
  6893 | D        | Reached skill level 17 in Axes
  7084 | D        | Noticed an oklob plant
  7084 | D        | Noticed an oklob plant summoner
  7197 | D        | Noticed Agnes
  7204 | D        | Mangled by Agnes

Illustrated notes

Levels and vault maps discovered:
D:        dungeon_sprint_fedhas [sprint_temple]

Skill      XL: |  1  2  3  4  5  6  7  8  9 |
---------------+----------------------------+-----
Fighting       | 4 5 6 7 9 10 11 12 | 12.7
Axes           | 4 6 7 9 10 12 13 15 17 | 17.1
Armour         | 3 4 5 6 7 8 9 11 12 | 12.4
Dodging        | 3 4 5 6 7 9 10 11 | 11.4

Action                   |  1- 3 |  4- 6 |  7- 9 || total
-------------------------+-------+-------+-------++-------
Melee: Hand axe          |     6 |    46 |    73 ||   125
       Headbutt          |       |    14 |    19 ||    33
       Punch             |       |     1 |     1 ||     2
Invok: Berserk           |     2 |     4 |     5 ||    11
 Abil: Evoke Invisibilit |       |     3 |     7 ||    10
 Stab: Invisible         |       |     1 |    10 ||    11
       Sleeping          |       |     1 |       ||     1
Armor: Animal skin       |       |     5 |       ||     5
Dodge: Dodged            |     1 |    18 |    19 ||    38
